cohdb
Replays
Latest Replays
All Replays
Popular Replays
Top Player Replays
Match Explorer
How It Works
Community
CoH3 Stats
Reddit
Sign in to upload your games and track your stats! →
Sign in with Steam
Reakly vs dexn
Match 25409374
Overview
Messages
Build Orders
End
Construct Barracks
Selects Armored Battlegroup
Selects Veteran Crews
Riflemen Squad
Riflemen Squad
Riflemen Squad
M1 Mortar Team
Infantry Support Center
Construct Motor Pool
Construct Medical Station
Selects Fast Deploy
M1 Anti-tank Gun Team
Grenade Package
M8 Greyhound Armored Car
Engineer Squad
M1918 Browning Automatic Rifles
Riflemen Squad
Construct Tank Depot
M1 Anti-tank Gun Team
Selects Seek and Destroy
Selects UNKNOWN (2160077)
Selects Field Repairs
Selects War Machine
M4A3E8 Sherman Easy Eight
Field Repairs
M4A3E8 Sherman Easy Eight
Reakly
DexN
0
0
Comments
sign in to comment!
No comments posted yet!